 Seeded DCSS version 0.30.1-4-g462c640d31 (webtiles) character file.

Game seed: 5250533582392553559 (custom seed)

121 Psyclone the Conjurer (level 5, -2/31 HPs)
             Began as an Octopode Conjurer on Sept 18, 2023.
             Engulfed by a steam dragon's steam (15 damage)
             ... on level 4 of the Dungeon.
             The game lasted 00:17:17 (4116 turns).

Psyclone the Conjurer (Octopode Conjurer)           Turns: 4116, Time: 00:17:17

Health: -2/31      AC:  1    Str:  5    XL:     5   Next: 5%
Magic:  6/11       EV: 13    Int: 27    God:
Gold:   64         SH:  5    Dex:  9    Spells: 9/12 levels left

rFire   . . .        a - staff of poison
rCold   . . .        (no shield)
rNeg    + . .        (helmet restricted)
rPois   +            n - amulet of reflection
rElec   .            h - ring of positive energy
rCorr   .            (no ring)
SInv    .            (no ring)
Will    .....        (no ring)
Stlth   +++          (no ring)
HPRegen 0.25/turn    (no ring)
MPRegen 0.12/turn    (no ring)
                     (no ring)

%: reflection
@: unable to drink
A: almost no armour, amphibious, 8 rings, camouflage 1, gelatinous body 1,
(nimble swimmer 1), tentacles, clever 1, wild magic 1, inability to drink after
injury 1
a: no special abilities


You were on level 4 of the Dungeon.
You visited 1 branch of the dungeon, and saw 4 of its levels.

You collected 93 gold pieces.
You spent 29 gold pieces at shops.

Inventory:

Hand Weapons
 b - a +0 dagger
Magical Staves
 a - a staff of poison (weapon)
Jewellery
 h - a ring of positive energy (left tentacle)
 l - a ring of ice
 n - an amulet of reflection (around mantle)
Scrolls
 c - a scroll of teleportation
 d - a scroll of enchant weapon
 e - a scroll of identify {@r1}
 i - 2 scrolls of enchant armour
 m - a scroll of magic mapping
Potions
 k - 2 potions of magic


   Skills:
 - Level 2.0 Dodging
 - Level 2.6 Stealth
 * Level 4.0 Spellcasting
 + Level 4.8 Conjurations


You had 9 spell levels left.
You knew the following spells:

 Your Spells              Type           Power      Damage    Failure   Level
a - Magic Dart            Conj           100%       1d8       2%          1
b - Searing Ray           Conj           80%        2d7       3%          2

Your spell library contained the following spells:

 Spells                   Type           Power      Damage    Failure   Level
 Dazzling Flash           Conj/Hex       46%        N/A       13%         3
 Lesser Beckoning         Tloc           14%        N/A       17%         2
 Scorch                   Fire           14%        2d6       17%         2
 Gell's Gravitas          Tloc           7%         N/A       32%         3
 Teleport Other           Tloc           7%         N/A       32%         3
 Flame Wave               Conj/Fire      23%        2d8       38%         4
 Fulminant Prism          Conj/Hex       11%        3d9       38%         4
 Iskenderun's Mystic Bla  Conj/Tloc      23%        2d6       38%         4
 Summon Cactus Giant      Summ           3%         N/A       100%        6


Dungeon Overview and Level Annotations

Branches:
Dungeon (4/15) Zot: 19884
 Temple: D:4-7

Altars:
Fedhas
Kikubaaqudgha
Yredelemnul

Shops:
D:1 :*

Annotations:
D:2 1 runed translucent door, 1 exclusion


Innate Abilities, Weirdness & Mutations

You cannot wear most types of armour.
You are amphibious.
You can wear up to eight rings at the same time.
Your skin changes colour to match your surroundings (Stealth+).
Your rubbery body absorbs attacks. (AC +1, EV +1)
((You are camouflaged when in or above water. (Stealth+)))
You have tentacles for arms and can constrict up to eight enemies at once.
Your mind is acute. (Int +4, Str/Dex -1)
Your spells are a little harder to cast, but a little more powerful.
You occasionally lose the ability to drink potions when taking damage.


Message History

You feel a little less mighty now.
There is a stone staircase leading down here.
You open the door.
There is an open door here.
There is an open door here.
There is a stone staircase leading down here.
Found a stone.
You open the door.
There is an open door here.
There is an open door here.
You open the door.
A steam dragon comes into view.
There is an open door here.
Okay, then.
The steam dragon hisses angrily.
There is an open door here.
Casting: Magic Dart (safe; 2% risk of failure)
Confirm with . or Enter, or press ? or * to list all spells.
Aiming: Searing Ray (safe; 3% risk of failure)
Press: ? - help, Shift-Dir - straight line, f - steam dragon
Aim: a steam dragon (82% to hit)
The searing ray hits the steam dragon.
The steam dragon is lightly wounded. (Press . to maintain the ray.)
You now have 9/11 mp.
The searing ray misses the steam dragon.
The steam dragon breathes steam at you. The ball of steam hits you!
Ouch! That really hurt!
You take 16 damage, and have 15/31 hp.
MASSIVE DAMAGE!!
You now have 8/11 mp.
The searing ray hits the steam dragon!
The steam dragon is moderately wounded.
You are engulfed in a cloud of scalding steam.
You take 2 damage, and have 13/31 hp.
You now have 7/11 mp.
The searing ray hits the steam dragon!
The steam dragon is severely wounded.
You finish channelling your searing ray.
You are engulfed in a cloud of scalding steam.
You feel threatened and lose the ability to drink potions!
You die...

#....# #....# ....## ....#
.....# #...# .....# #...#
.....# #...##.....#
#..<.#D§...# #....#§....#
#....@.§§..#
#.#############
###'####...###..##
#................#
#................#
#................#
#................#
#...##+#######'#########
###'####....###..###.....#


You could see a steam dragon (catching breath).

Vanquished Creatures
  6 adders
  A worm (D:3)
  A dart slug (D:2)
  An orc (D:3)
  5 ball pythons
  9 endoplasms
  3 giant cockroaches (D:1)
  3 hobgoblins
  4 jackals (D:1)
  A quokka (D:2)
  9 bats
  3 frilled lizards
  4 goblins
  2 kobolds
  7 rats
  A spectral orc (D:3)
60 creatures vanquished.

Notes
Turn   | Place    | Note
-------+----------+-------------------------------------------
     0 | D:1      | Psyclone the Octopode Conjurer began the quest for the Orb.
     0 | D:1      | Reached XP level 1. HP: 11/11 MP: 3/3
   194 | D:1      | Found Sugreud's Assorted Antiques.
   343 | D:1      | Reached XP level 2. HP: 12/17 MP: 0/5
   814 | D:1      | Learned a level 2 spell: Searing Ray
   850 | D:1      | Found Syurgheu's Book Shoppe.
  1633 | D:1      | Bought a scroll labelled PAULLO EMIORR for 29 gold pieces
  1667 | D:2      | Reached XP level 3. HP: 6/21 MP: 1/7
  2307 | D:2      | Found a runed translucent door.
  2367 | D:2      | Reached XP level 4. HP: 27/27 MP: 5/9
  2974 | D:2      | Gained mutation: Your spells are a little harder to cast,
                  | but a little more powerful. [potion of mutation]
  2974 | D:2      | Gained mutation: You occasionally lose the ability to drink
                  | potions when taking damage. [potion of mutation]
  2974 | D:2      | Gained mutation: Your mind is acute. (Int +4, Str/Dex -1)
                  | [potion of mutation]
  3034 | D:3      | Found a blossoming altar of Fedhas.
  3035 | D:3      | Found an ancient bone altar of Kikubaaqudgha.
  3521 | D:3      | Reached XP level 5. HP: 31/31 MP: 6/10
  3558 | D:3      | Found a faded altar of an unknown god.
  3806 | D:3      | Found a basalt altar of Yredelemnul.
  4110 | D:4      | Noticed a steam dragon
  4116 | D:4      | Engulfed by a steam dragon's steam

Illustrated notes

Levels and vault maps discovered:
D:1:      minmay_arrival_split_and_join, layout_loops_corners, serial_shops,
          nicolae_shop_overgrown_old_shop, shop, roderic_roman_lattice
D:2:      layout_basic, roderic_serpentine_path, kennysheep_generic_room_16,
          uniq_crazy_yiuf_cottage
D:3:      layout_basic, grunt_temple_overflow_growth_and_decay,
          yredelemnul_forgotten_temple_becter,
          ebering_ecumenical_altar_abandoned
D:4:      layout_gridville, serial_shops, nicolae_shop_tiny_statue_garden, shop,
          shop_statue, shop, chequers_serial_rivers_micro_c,
          minmay_misc_feat_secret_circle, uniq_sigmund

Skill      XL: |  1  2  3  4  5 |
---------------+----------------+-----
Spellcasting   | 3 4 |  4.0
Dodging        | |  2.0
Stealth        | |  2.6
Conjurations   | |  4.8

Action                     |  1- 3 |  4- 6 || total
---------------------------+-------+-------++-------
  Melee: Unarmed           |    26 |       ||    26
         Constrict         |     6 |     1 ||     7
         Tentacles         |     4 |       ||     4
         Punch             |     1 |       ||     1
         Staff             |       |     5 ||     5
   Cast: Magic Dart        |    75 |    54 ||   129
         Searing Ray       |       |     1 ||     1
    Use: Scroll            |     7 |     2 ||     9
         Potion            |     1 |     7 ||     8
 Armour: Skin              |     7 |     2 ||     9
  Dodge: Dodged            |    21 |     7 ||    28
